 Dungeon Crawl Stone Soup version 0.21-a0-496-g696f58f (webtiles) character file.

7464 slep the Basher (level 10, -23/96 HPs)
             Began as a Minotaur Gladiator on Nov 24, 2017.
             Was a High Priest of Okawaru.
             Annihilated by a death yak (25 damage)
             ... on level 9 of the Dungeon.
             The game lasted 00:39:15 (6944 turns).

slep the Basher (Minotaur Gladiator)                Turns: 6944, Time: 00:39:15

Health: -23/96     AC:  8    Str: 22    XL:     10   Next: 94%
Magic:  9/9        EV: 15    Int:  7    God:    Okawaru [*****.]
Gold:   460        SH:  0    Dex: 14    Spells: 9/9 levels left

rFire    + . .     SeeInvis .   H - +4 mace of Gaptokh {elec, rElec}
rCold    . . .     Gourm    .   (no shield)
rNeg     . . .     Faith    .   y - +1 ring mail {rF+}
rPois    .         Spirit   .   a - +1 hat
rElec    +         Reflect  .   (no cloak)
rCorr    .         Harm     .   (no gloves)
MR       +....     Rnd*Tele +   (no boots)
Stlth    +.........             (no amulet)
HPRegen  0.26/turn              L - ring of protection from magic
MPRegen  0.11/turn              D - ring of teleportation (curse)

@: hasted, very quick
A: retaliatory headbutt, horns 2, agile 1, clever 1, robust 1, wild magic 1
a: Heroism, Finesse, Renounce Religion


You were on level 9 of the Dungeon.
You worshipped Okawaru.
Okawaru was extremely pleased with you.
You were hungry.

You visited 2 branches of the dungeon, and saw 11 of its levels.
You also visited: Ossuary.

You collected 460 gold pieces.

Inventory:

Hand Weapons
 j - a +1 dagger of speed
 v - a +0 blowgun
 H - the +4 mace of Gaptokh (weapon) {elec, rElec}
   (You found it on level 4 of the Dungeon)

   Occasionally, upon striking a foe, it will discharge some electrical energy
   and cause terrible harm.
   It insulates you from electricity.
 R - a +1 long sword of holy wrath
Missiles
 b - 8 curare-tipped needles
 d - 2 throwing nets
 k - 4 steel tomahawks
 o - 7 poisoned needles
 A - 6 needles of sleeping
 C - 9 tomahawks (quivered)
 K - 4 javelins of penetration
 M - 5 poisoned javelins
 S - 2 silver tomahawks
Armour
 a - a +1 hat (worn)
 y - a +1 ring mail of fire resistance (worn)
 V - quicksilver dragon scales
Jewellery
 i - an uncursed ring of see invisible
 D - a cursed ring of teleportation (right hand)
 I - an uncursed ring of protection from cold
 L - a ring of protection from magic (left hand)
 Z - a cursed -3 ring of dexterity {unknown}
Wands
 c - a wand of polymorph (14)
 g - a wand of acid (4)
Scrolls
 e - 11 scrolls of teleportation {unknown}
 h - 4 scrolls of magic mapping {unknown}
 l - a scroll of immolation {unknown}
 n - 12 scrolls of identify {unknown}
 r - 3 scrolls of remove curse {unknown}
 s - 2 scrolls of enchant armour {unknown}
 t - a scroll of random uselessness {unknown}
 u - a scroll of blinking {unknown}
 w - 7 scrolls of enchant weapon {unknown}
 J - 2 scrolls of noise {unknown}
 N - a scroll of amnesia {unknown}
 O - a scroll of summoning {unknown}
 X - a scroll of vulnerability {unknown}
 Y - a scroll of silence {unknown}
Potions
 q - 2 potions of brilliance
 z - a potion of invisibility
 E - 2 potions of lignification
 F - 2 potions of curing
 G - a potion of berserk rage {unknown}
 P - 2 potions of mutation {unknown}
 T - a potion of heal wounds {unknown}
 U - a potion of magic {unknown}
Miscellaneous
 W - a phial of floods
Comestibles
 f - 8 bread rations
 m - 6 meat rations
 p - 11 royal jellies
 Q - 10 fruits


   Skills:
 + Level 8.2 Fighting
 + Level 6.4 Long Blades
 + Level 12.3 Maces & Flails
 + Level 4.7 Throwing
 + Level 7.7 Armour
 + Level 7.4 Dodging
 + Level 2.5 Stealth


You had 9 spell levels left.
You didn't know any spells.

Dungeon Overview and Level Annotations

Branches:
Dungeon (10/15)            Temple (1/1) D:4
   Lair: D:8-11         Orc: D:9-12

Altars:
Ashenzari
Cheibriados
Dithmenos
Elyvilon
Fedhas
Gozag
Hepliaklqana
Kikubaaqudgha
Makhleb
Okawaru
Qazlal
Sif Muna
Trog
Uskayaw
Vehumet
Wu Jian
Yredelemnul
Zin
The Shining One

Shops:
D:5 (


Innate Abilities, Weirdness & Mutations

You reflexively headbutt those who attack you in melee.
You have a pair of horns on your head.
You are agile. (Dex +2)
Your mind is acute. (Int +2)
You are robust. (+10% HP)
Your spells are a little harder to cast, but a little more powerful.


Message History

* * * LOW HITPOINT WARNING * * *
The death yak barely misses you. You furiously retaliate!
You headbutt the death yak, but do no damage.
The death yak gores you.
* * * LOW HITPOINT WARNING * * *
You climb upwards.
There is a stone staircase leading down here.
Unknown command.
You feel better. The death yak misses you. You furiously retaliate!
You headbutt the death yak! The death yak completely misses you.
You thump the death yak!
Lightning courses through the death yak!
You kill the death yak!
Okawaru is honoured by your kill. Something appears at your feet!
Okawaru grants you ammunition! The death yak gores you!!
* * * LOW HITPOINT WARNING * * *
You feel yourself speed up. The death yak gores you!!
You die...

###############...##
#...# #...#
###############...##
#...................
#...................
#...................
#...Y.............##
#..@................
#.................(.
#..............(.<..
###############.....
###############.....
#...................
#.......(...........
#................###
#........(.......#


You could see a death yak.

Vanquished Creatures
  A death yak (D:9)
  2 two-headed ogres
  3 hornets (D:8)
  Sigmund (D:6)
  7 yaks
  2 wyverns
  A water moccasin (D:7)
  A soldier ant (D:8)
  A sky beast (D:5)
  2 necrophages (D:6)
  3 ice beasts (D:5)
  2 phantoms
  2 ogres
  3 centaurs
  2 big kobolds
  An elf zombie (Ossuary)
  4 bullfrogs
  Blork the orc (D:6)
  4 scorpions
  A crimson imp (D:5)
  3 orc priests
  A jelly (D:6)
  2 hounds
  12 orc wizards
  A quasit (D:9)
  2 human zombies (Ossuary)
  2 bullfrog skeletons
  A centaur skeleton (D:7)
  8 iguanas
  7 worker ants
  A big kobold zombie (Ossuary)
  A hound skeleton (D:9)
  2 mummies (Ossuary)
  4 gnolls (D:7)
  A worker ant zombie (D:5)
  A howler monkey skeleton (D:8)
  8 adders
  A shadow imp (D:6)
  3 oozes
  An adder zombie (D:6)
  5 worms
  3 leopard geckos
  46 orcs
  A ball python (D:6)
  4 bats
  8 giant cockroaches
  7 goblins
  2 hobgoblins
  13 jackals
  18 kobolds
  5 quokkas
  8 frilled lizards
  A goblin zombie (Ossuary)
  9 hobgoblin zombies (Ossuary)
  2 jackal skeletons
  2 jackal zombies (Ossuary)
  9 kobold zombies (Ossuary)
  2 leopard gecko skeletons (D:4)
  A leopard gecko zombie (D:8)
  10 orc zombies (Ossuary)
  6 rats
  2 rat zombies (Ossuary)
270 creatures vanquished.

Vanquished Creatures (others)
  An orc wizard (D:9)
1 creature vanquished.

Grand Total: 271 creatures vanquished

Notes
Turn   | Place    | Note
-------+----------+-------------------------------------------
     0 | D:1      | slep the Minotaur Gladiator began the quest for the Orb.
     0 | D:1      | Reached XP level 1. HP: 18/18 MP: 0/0
   216 | D:1      | Reached XP level 2. HP: 20/25 MP: 1/1
   557 | D:2      | Reached XP level 3. HP: 30/30 MP: 2/2
   629 | D:2      | Found a faded altar of an unknown god.
   822 | D:2      | Reached XP level 4. HP: 10/37 MP: 3/3
   911 | D:2      | Reached skill level 5 in Long Blades
  1287 | D:3      | Reached XP level 5. HP: 44/44 MP: 4/4
  1937 | D:4      | Found a hide-covered altar of Uskayaw.
  1955 | D:4      | Found a basalt altar of Yredelemnul.
  1969 | D:4      | Noticed a phantom
  1971 | D:4      | Found a blossoming altar of Fedhas.
  1975 | D:4      | Found an opulent altar of Gozag.
  1981 | D:4      | Found a white marble altar of Elyvilon.
  2027 | D:4      | Found a staircase to the Ecumenical Temple.
  2036 | Temple   | Entered the Ecumenical Temple
  2091 | Temple   | Became a worshipper of Warmaster Okawaru
  2179 | D:4      | Got a transparent mace
  2180 | D:4      | Identified the +4 mace of Gaptokh {elec, rElec} (You found it on level 4 of the Dungeon)
  2225 | D:4      | Reached XP level 6. HP: 49/51 MP: 5/5
  2493 | D:4      | Found a sand-covered staircase.
  2504 | Ossuary  | Entered an ossuary
  2603 | Ossuary  | Reached skill level 1 in Maces & Flails
  2618 | Ossuary  | Reached skill level 2 in Maces & Flails
  2658 | Ossuary  | Reached * piety under Okawaru
  2658 | Ossuary  | Reached XP level 7. HP: 49/57 MP: 6/6
  2826 | D:4      | Found a burning altar of Makhleb.
  2877 | D:4      | Reached skill level 3 in Maces & Flails
  2896 | D:5      | Entered Level 5 of the Dungeon
  2896 | D:5      | Found an opulent altar of Gozag.
  2898 | D:5      | Found Osoffihop's Antique Weapon Shoppe.
  2904 | D:5      | Reached skill level 5 in Dodging
  2919 | D:5      | Reached skill level 4 in Maces & Flails
  2923 | D:5      | Gained mutation: You are robust. (+10% HP) [mutagenic meat]
  2924 | D:5      | Gained mutation: Your mind is acute. (Int +2) [mutagenic meat]
  2925 | D:5      | Gained mutation: You are agile. (Dex +2) [mutagenic meat]
  2926 | D:5      | Gained mutation: Your spells are a little harder to cast, but a little more powerful. [mutagenic meat]
  2964 | D:5      | Reached ** piety under Okawaru
  2969 | D:5      | Reached skill level 5 in Maces & Flails
  3141 | D:5      | Reached XP level 8. HP: 35/72 MP: 7/7
  3196 | D:5      | Reached skill level 6 in Maces & Flails
  3196 | D:5      | Reached skill level 5 in Armour
  3585 | D:5      | Reached skill level 7 in Maces & Flails
  3693 | D:6      | Reached *** piety under Okawaru
  3695 | D:6      | Found an iron altar of Okawaru.
  3712 | D:6      | Noticed Sigmund
  3722 | D:6      | Killed Sigmund
  3722 | D:6      | Reached skill level 5 in Fighting
  3722 | D:6      | Reached skill level 8 in Maces & Flails
  3917 | D:6      | Reached XP level 9. HP: 81/81 MP: 8/8
  3953 | D:6      | Noticed Blork the orc
  3962 | D:6      | Killed Blork the orc
  4501 | D:7      | Reached skill level 9 in Maces & Flails
  4519 | D:7      | Reached skill level 1 in Stealth
  4744 | D:7      | Noticed a two-headed ogre
  4927 | D:7      | Reached **** piety under Okawaru
  5005 | D:7      | Killed a two-headed ogre
  5005 | D:7      | Reached skill level 10 in Maces & Flails
  5194 | D:7      | Reached ***** piety under Okawaru
  5363 | D:8      | Reached skill level 11 in Maces & Flails
  5363 | D:8      | Reached XP level 10. HP: 79/94 MP: 9/9
  5602 | D:8      | Noticed a two-headed ogre
  5611 | D:8      | Killed a two-headed ogre
  5611 | D:8      | Received a gift from Okawaru
  5963 | D:9      | Received a gift from Okawaru
  6233 | D:9      | Reached skill level 12 in Maces & Flails
  6310 | D:9      | Found a glowing golden altar of the Shining One.
  6917 | D:10     | Entered Level 10 of the Dungeon
  6925 | D:10     | Noticed a death yak
  6930 | D:10     | Noticed a death yak
  6933 | D:10     | Noticed a death yak
  6933 | D:10     | Noticed a death yak
  6936 | D:10     | Noticed a death yak
  6943 | D:9      | Killed a death yak
  6943 | D:9      | Received a gift from Okawaru
  6943 | D:9      | HP: 1/96 [death yak (22)]
  6944 | D:9      | Annihilated by a death yak

Vault maps used:
D:1:      evilmike_arrival_plus
D:2:      cheibrodos_pilgrimage, first_bread, chequers_ecumenical_altar_island
D:3:      corexii_corridor_pit
D:4:      lemuel_crystal_altar, lemuel_coloured_pillars_altar,
          grunt_temple_overflow_cloverleaf, temple_hall,
          lightli_ossuary_entry_decrepit_ruins, feat_on_display
D:5:      basic_altar, serial_shops, shop
D:6:      okawaru_metal_pillars_3, uniq_blork_the_orc, uniq_sigmund
D:8:      hangedman_pestilent_swarm, feat_on_display
D:9:      tso_altar
D:10:     dpeg_lair_monsters, basic_altar, serial_shops,
          nicolae_shop_waterfront, uniq_maurice
Temple:   nicolae_temple_elliptical
Ossuary:  ossuary_tomb_1

Skill      XL: |  1  2  3  4  5  6  7  8  9 10 |
---------------+-------------------------------+-----
Long Blades    | 4 5 6 |  6.4
Dodging        | 4 5 6 7 |  7.4
Armour         | 2 3 4 6 7 |  7.7
Fighting       | 3 4 5 7 8 |  8.2
Maces & Flails | 2 5 8 11 12 | 12.3
Stealth        | 1 2 |  2.5
Throwing       | 4 |  4.7

Action                   |  1- 3 |  4- 6 |  7- 9 | 10-12 || total
-------------------------+-------+-------+-------+-------++-------
Melee: Long sword        |    62 |    84 |       |       ||   146
       Headbutt          |     8 |    22 |    52 |    17 ||    99
       Mace              |       |    73 |   286 |    93 ||   452
Throw: Throwing net      |       |       |     4 |       ||     4
       Tomahawk          |       |       |     3 |    42 ||    45
  Use: Potion            |     1 |       |     3 |     5 ||     9
 Stab: Invisible         |       |       |       |     3 ||     3
  Eat: Chunk             |       |     5 |    14 |     4 ||    23
Armor: Ring mail         |    19 |    33 |    72 |    15 ||   139
       Skin              |       |       |       |    20 ||    20
Dodge: Dodged            |    31 |    96 |   158 |    80 ||   365
       Rpst.: Long sword |     7 |    12 |       |       ||    19

Table legend:
 A = Spawn XP
 B = Non-spawn XP
 C = Spawn XP percentage of total XP
 D = Spawn monster count
 E = Non-spawn monster count
 F = Spawn count percentage of total count
 G = Total turns spent on level
                    A         B        C        D         E        F      G
               +---------+---------+-------+---------+---------+-------+---------
         Total |       0 |   10663 |   0.0 |       0 |     271 |   0.0 |  6944
               +---------+---------+-------+---------+---------+-------+---------
           D:1 |       0 |      35 |   0.0 |       0 |      20 |   0.0 |   555
           D:2 |       0 |     158 |   0.0 |       0 |      27 |   0.0 |   695
           D:3 |       0 |      59 |   0.0 |       0 |      19 |   0.0 |   683
           D:4 |       0 |     385 |   0.0 |       0 |      19 |   0.0 |   645
           D:5 |       0 |    1203 |   0.0 |       0 |      32 |   0.0 |   764
           D:6 |       0 |    1075 |   0.0 |       0 |      24 |   0.0 |   728
           D:7 |       0 |    1933 |   0.0 |       0 |      29 |   0.0 |   883
           D:8 |       0 |    2678 |   0.0 |       0 |      31 |   0.0 |   690
           D:9 |       0 |    2282 |   0.0 |       0 |      28 |   0.0 |   959
          D:10 |       0 |     583 |   0.0 |       0 |       3 |   0.0 |    24
       Ossuary |       0 |     272 |   0.0 |       0 |      39 |   0.0 |   239
               +---------+---------+-------+---------+---------+-------+---------
